 Dungeon Crawl Stone Soup version 0.30.1-9-gdf580d7c3d (webtiles) character file.

Game seed: 2604499201132197606

140 BillyBaka the Chopper (level 5, 0/51 HPs)
             Began as a Minotaur Fighter on Oct 17, 2023.
             Slain by an orc
             ... wielding a +0 club
              (2 damage)
             ... on level 4 of the Dungeon.
             The game lasted 00:06:30 (2203 turns).

BillyBaka the Chopper (Minotaur Fighter)            Turns: 2203, Time: 00:06:31

Health: 0/51       AC:  7    Str: 22    XL:     5   Next: 2%
Magic:  4/4        EV:  9    Int:  5    God:
Gold:   156        SH:  4    Dex: 10    Spells: 4/4 levels left

rFire   . . .        k - +0 broad axe
rCold   . . .        c - +0 buckler
rNeg    . . .        b - +0 scale mail
rPois   .            (helmet restricted)
rElec   .            (no cloak)
rCorr   .            (no gloves)
SInv    .            (no boots)
Will    .....        (no amulet) Stlth
                     (no ring)
HPRegen 0.28/turn    (no ring)
MPRegen 0.09/turn

%: no passive effects
@: no status effects
A: horns 2, retaliatory headbutt, robust 1, shaggy fur 1
a: no special abilities


You were on level 4 of the Dungeon.
You visited 1 branch of the dungeon, and saw 4 of its levels.

You collected 156 gold pieces.

Inventory:

Hand Weapons
 k - a +0 broad axe (weapon)
Missiles
 l - 6 boomerangs (quivered)
 n - a throwing net
Armour
 b - a +0 scale mail (worn)
 c - a +0 buckler (worn)
Scrolls
 e - a scroll of magic mapping {unknown}
 f - 5 scrolls of identify {unknown}
 m - 3 scrolls of teleportation {unknown}
 q - 2 scrolls of vulnerability {unknown}
Potions
 a - a potion of curing {unknown}
 d - 2 potions of might
 g - 5 potions of mutation
 h - a potion of degeneration {unknown}
 i - a potion of magic {unknown}
 j - 2 potions of brilliance {unknown}
 o - a potion of heal wounds {unknown}
 p - a potion of attraction {unknown}


   Skills:
 + Level 4.9 Fighting
 * Level 5.3 Axes
 - Level 3.6 Armour
 - Level 3.6 Shields


You had 4 spell levels left.
You didn't know any spells.
Your spell library was empty.

Dungeon Overview and Level Annotations

Branches:
Dungeon (4/15)
 Temple: D:4-7

Altars:
Wu Jian

Annotations:
D:3 2 transporters, middlethird's ghost, amateur VSTm


Innate Abilities, Weirdness & Mutations

You have a pair of horns on your head.
You reflexively headbutt those who attack you in melee.
You are robust. (+10% HP)
You are covered in fur. (AC +1)


Message History

You completely miss the orc. The adder bites you.
The orc hits you with a +0 hand axe. The adder bites you but does no damage.
You barely miss the adder.
The adder is severely wounded.
You hit the orc. x2; The adder closely misses you.
You furiously retaliate!
You headbutt the adder!
You kill the adder!
The orc hits you but does no damage. The orc hits you with a +0 flail!
You barely miss the orc. x2; You hit the orc but do no damage.
The orc barely misses you.
An orc comes into view. It is wielding a +0 hand axe.
The orc hits you but does no damage. x2
The orc shouts!
You slash the orc!
You kill the orc!
You completely miss the orc. You closely miss the orc.
The orc closely misses you. The orc hits you with a +0 flail.
An orc comes into view. It is wielding a +0 club.
The orc barely misses you. You furiously retaliate!
You headbutt the orc. The orc misses you. The orc hits you but does no damage.
You hit the orc.
The orc is severely wounded.
You closely miss the orc. You slash the orc!
You kill the orc!
The orc barely misses you. The orc hits you with a +0 flail.
You closely miss the orc.
The orc is severely wounded.
You hit the orc. You slash the orc!
You kill the orc!
The orc hits you with a +0 club. The orc hits you with a +0 short sword.
The orc hits you with a +1 hand axe of electrocution.
You are electrocuted!!
* * * LOW HITPOINT WARNING * * *
The orc barely misses you. x2; You furiously retaliate!
You headbutt the orc!
You kill the orc!
You have reached level 5!
It was a potion of mutation.
You feel extremely strange. Fur sprouts all over your body.
You feel robust. The orc hits you with a +0 club.
You die...

K. ..# ... #.##
###...#######
#...#..o#...#
....K.oo@...#####
.......o###......
.................
......##.<.......
.....# #.##......
..... #.# #####
.... #.# ... ...
... ...


You could see 4 orcs and a kobold.

Vanquished Creatures
  A gnoll (D:3)
  4 adders
  A worm (D:2)
  2 dart slugs (D:3)
  6 orcs
  7 endoplasms
  3 giant cockroaches
  8 goblins
  5 hobgoblins
  7 jackals (D:1)
  7 kobolds
  2 quokkas
  9 ball pythons
  7 bats
  2 frilled lizards
  8 rats
79 creatures vanquished.

Notes
Turn   | Place    | Note
-------+----------+-------------------------------------------
     0 | D:1      | BillyBaka the Minotaur Fighter began the quest for the Orb.
     0 | D:1      | Reached XP level 1. HP: 19/19 MP: 0/0
   230 | D:1      | Reached skill level 3 in Axes
   232 | D:1      | Reached XP level 2. HP: 26/27 MP: 1/1
   525 | D:1      | Reached XP level 3. HP: 33/33 MP: 2/2
   938 | D:2      | Reached skill level 4 in Axes
  1283 | D:2      | Found an ornate altar of the Wu Jian Council.
  1572 | D:3      | Reached XP level 4. HP: 40/41 MP: 3/3
  1818 | D:3      | Reached skill level 5 in Axes
  1851 | D:3      | Found a transporter.
  1854 | D:3      | Noticed middlethird's ghost (amateur VSTm)
  2078 | D:3      | Found a transporter.
  2202 | D:4      | HP: 2/41 [orc/+1 hand axe of electrocution (18)]
  2203 | D:4      | Reached XP level 5. HP: 2/47 MP: 4/4
  2203 | D:4      | Gained mutation: You are covered in fur. (AC +1) [potion of
                  | mutation]
  2203 | D:4      | Gained mutation: You are robust. (+10% HP) [potion of
                  | mutation]
  2203 | D:4      | Slain by an orc

Illustrated notes

Levels and vault maps discovered:
D:1:      dpeg_arrival_short_road, layout_loops_corners
D:2:      layout_basic, basic_altar, serial_forest,
          infiniplex_forest_lined_4_way, infiniplex_forest_straight_2,
          infiniplex_forest_corner_1, infiniplex_forest_clump_cross,
          infiniplex_forest_end_1, infiniplex_forest_end_1,
          infiniplex_forest_side_room
D:3:      minmay_bubble_buster, layout_rooms, gammafunk_ghost_arena
D:4:      layout_rooms, uniq_robin

Skill      XL: |  1  2  3  4 |
---------------+-------------+-----
Axes           | 3 4 5 |  5.3
Fighting       | 4 |  4.9
Armour         | |  3.6
Shields        | |  3.6

Action                     |  1- 3 |  4- 6 || total
---------------------------+-------+-------++-------
  Melee: War axe           |    60 |       ||    60
         Headbutt          |    13 |     3 ||    16
         Broad axe         |    38 |    52 ||    90
    Use: Potion            |       |     1 ||     1
 Armour: Scale mail        |    61 |    22 ||    83
  Dodge: Dodged            |    53 |    27 ||    80
  Block: Buckler           |    30 |     9 ||    39
